 Dungeon Crawl Stone Soup version 0.19-a0-958-gd69d43c (webtiles) character file.

178 Leszczynek the Cudgeler (level 5, 0/39 HPs)
             Began as a Demonspawn Skald on July 11, 2016.
             Slain by a gnoll (3 damage)
             ... on level 4 of the Dungeon.
             The game lasted 00:06:49 (2406 turns).

Leszczynek the Cudgeler (Demonspawn Skald)          Turns: 2406, Time: 00:06:49

Health: 0/39       AC:  6    Str: 14    XL:     5   Next: 32%
Magic:  0/8        EV: 14    Int: 13    God:
Gold:   110        SH:  4    Dex: 12    Spells: 2 memorised, 5 levels left

rFire  . . .     SeeInvis .     a - +0 mace
rCold  . . .     Gourm    .     t - +0 ring mail
rNeg   . . .     Faith    .     (no shield)
rPois  .         Spirit   +     (no helmet)
rElec  .         Dismiss  .     (no cloak)
rCorr  .         Reflect  +     (no gloves)
SustAt .         Harm     .     g - +0 pair of boots
MR     .....                    j - +4 amulet of reflection
Stlth  +.........               (no ring)
                                m - +3 ring of evasion

@: not resistant to hostile enchantments, very unstealthy
A: hooves 1, magic shield
a: no special abilities


You were on level 4 of the Dungeon.
You were not hungry.

You visited 1 branch of the dungeon, and saw 4 of its levels.

You collected 110 gold pieces.

Inventory:

Hand Weapons
 a - a +0 mace (weapon)
Missiles
 u - 3 tomahawks (quivered)
Armour
 b - a +0 leather armour
 g - a +0 pair of boots (worn)
 t - a +0 ring mail (worn)
Jewellery
 j - a +4 amulet of reflection (around neck)
 m - a +3 ring of evasion (left hand)
Wands
 v - a wand of iceblast (15/15)
Scrolls
 e - 4 scrolls of identify
 i - 2 scrolls of remove curse
 o - a scroll of enchant weapon {unknown}
 p - a scroll of noise {unknown}
 q - a scroll of blinking {unknown}
Potions
 l - 2 potions of cure mutation
Books
 c - a book of Battle

   Spells                             Type                      Level
   a - Infusion                       Charms                       1
   b - Shroud of Golubria             Charms/Translocation         2
   c - Song of Slaying                Charms                       2
   d - Spectral Weapon                Hexes/Charms                 3
   e - Regeneration                   Charms/Necromancy            3
Comestibles
 d - 2 bread rations
 h - 3 meat rations
 r - a beef jerky
 s - 6 chunks of flesh


   Skills:
 + Level 2.5 Fighting
 * Level 4.2 Maces & Flails
 - Level 0.8 Armour
 + Level 2.0 Dodging
 - Level 2.0 Spellcasting
 - Level 2.6 Charms
 - Level 1.0 Translocations


You had 5 spell levels left.
You knew the following spells:

 Your Spells              Type           Power        Failure   Level  Hunger
a - Infusion              Chrm           #...         21%         1    ##.....
b - Shroud of Golubria    Chrm/Tloc      #.........   41%         2    ###....


Dungeon Overview and Level Annotations

Branches:
Dungeon (4/15)
 Temple: D:4-7

Altars:
Nemelex Xobeh

Annotations:
D:3 Sigmund


Innate Abilities, Weirdness & Mutations

You have large cloven feet.
When hurt, damage is shared between your health and your magic reserves.


Message History

Unknown command.
Okay, then.
Okay, then.
Found a stone staircase leading up.
Found 2 gold pieces.
Your magical contamination has completely faded away.
Found a short sword.
You hit the gnoll.
The gnoll is moderately wounded.
The gnoll closely misses you.
You closely miss the gnoll.
The gnoll is moderately wounded.
The gnoll hits you but does no damage.
You barely miss the gnoll.
The gnoll is moderately wounded.
The gnoll closely misses you.
You hit the gnoll but do no damage.
The gnoll is moderately wounded.
You block the gnoll's attack. The gnoll hits you.
You die...

#..# ).. ##..
....#### #.$...#
#....##
##.....##
#..@g...##
#........###
#...<......##
#.......#.?.###
#.......###...##
. ##......#
##..)## .#
##.....#
##..)#..#
###...# ###<..#
###.# #.....


You could see a gnoll.

Vanquished Creatures
  An iguana (D:4)
  2 gnolls (D:4)
  4 adders
  An ooze (D:1)
  2 worms
  2 dart slugs
  2 giant geckos
  12 orcs (D:3)
  A ball python (D:1)
  6 giant cockroaches
  4 goblins (D:1)
  11 hobgoblins
  7 kobolds
  A quokka (D:2)
  7 bats
  A giant newt (D:1)
  5 rats
69 creatures vanquished.

Notes
Turn   | Place    | Note
-------+----------+-------------------------------------------
     0 | D:1      | Leszczynek the Demonspawn Skald began the quest for the Orb.
     0 | D:1      | Reached XP level 1. HP: 16/16 MP: 3/3
    74 | D:1      | Reached skill level 2 in Maces & Flails
   427 | D:1      | Gained mutation: You have large cloven feet. [demonic ancestry]
   427 | D:1      | Reached XP level 2. HP: 22/22 MP: 5/5
   587 | D:1      | Reached skill level 3 in Maces & Flails
   688 | D:1      | Learned a level 2 spell: Shroud of Golubria
   857 | D:1      | Reached XP level 3. HP: 21/27 MP: 3/6
   984 | D:2      | Reached skill level 1 in Dodging
  1534 | D:3      | Found a sparkling altar of Nemelex Xobeh.
  1691 | D:3      | Reached skill level 1 in Translocations
  1691 | D:3      | Gained mutation: When hurt, damage is shared between your health and your magic reserves. [demonic ancestry]
  1691 | D:3      | Reached XP level 4. HP: 32/33 MP: 2/7
  2253 | D:3      | Noticed Sigmund
  2271 | D:3      | Reached skill level 4 in Maces & Flails
  2348 | D:3      | Noticed a giant frog
  2363 | D:4      | HP: 4/51 [gnoll (3)]
  2367 | D:4      | Reached XP level 5. HP: 23/39 MP: 0/8
  2389 | D:4      | Reached skill level 2 in Dodging
  2391 | D:4      | HP: 1/39 [gnoll (3)]
  2406 | D:4      | Slain by a gnoll

Vault maps used:
D:1:      matt_arrival_refuge, minmay_pentomino_z2
D:2:      wad_pebble_path
D:3:      nemelex_xobeh_ov_fountains_minmay, grunt_ministairs_4, uniq_sigmund
D:4:      serial_shops, shop

Skill      XL: |  1  2  3  4  5 |
---------------+----------------+-----
Maces & Flails | 2 3 4 |  4.2
Dodging        | 1 2 |  2.0
Translocations | 1 |  1.0
Fighting       | |  2.5
Armour         | |  0.8
Spellcasting   | |  2.0
Charms         | |  2.6

Action                   |  1- 3 |  4- 6 || total
-------------------------+-------+-------++-------
Melee: Mace              |   139 |   136 ||   275
 Cast: Infusion          |     6 |     3 ||     9
       Shroud of Golubri |     3 |     1 ||     4
  Use: Scroll            |     1 |     4 ||     5
       Potion            |       |     2 ||     2
 Stab: Sleeping          |     1 |       ||     1
  Eat: Chunk             |     3 |     3 ||     6
Armor: Leather armour    |    36 |       ||    36
       Ring mail         |     7 |    39 ||    46
       Skin              |       |    47 ||    47
Dodge: Dodged            |   122 |    80 ||   202
Block: Other             |       |    15 ||    15
